 Dungeon Crawl Stone Soup version 0.31-a0-960-g0fca184906 (webtiles) character file.

Game seed: 923584140764694357

500 Azuregosa the Sneak (level 7, -2/46 HPs)
             Began as an Octopode Delver on Oct 22, 2023.
             Was a Believer of Uskayaw.
             Slain by a black bear (3 damage)
             ... on level 4 of the Dungeon.
             The game lasted 00:14:35 (3139 turns).

Azuregosa the Sneak (Octopode Delver)               Turns: 3139, Time: 00:14:35

Health: -2/46      AC:  1    Str: 11    XL:     7   Next: 16%
Magic:  11/13      EV: 14    Int: 15    God:    Uskayaw [**....]
Gold:   191        SH:  0    Dex: 13    Spells: 5/14 levels left

rFire   . . .        w - +3 short sword (vamp)
rCold   . . .        (no shield)
rNeg    . . .        (helmet restricted)
rPois   .            (no amulet)
rElec   .            z - ring of wizardry
rCorr   .            (no ring)
SInv    .            (no ring)
Will    .....        (no ring)
Stlth   ++++         (no ring)
HPRegen 0.27/turn    (no ring)
MPRegen 0.13/turn    (no ring)
                     (no ring)

%: wizardry (x1)
@: sluggish, very slow
A: almost no armour, amphibious, 8 rings, camouflage 1, gelatinous body 1,
(nimble swimmer 1), tentacles
a: Renounce Religion, Stomp, Line Pass


You were on level 4 of the Dungeon.
You worshipped Uskayaw.
Uskayaw was noncommittal.
You visited 1 branch of the dungeon, and saw 6 of its levels.

You collected 191 gold pieces.

Inventory:

Hand Weapons
 a - a +0 falchion
 k - a +0 spear
 m - a +0 trident
 n - a +1 short sword of venom
 u - a +0 antimagic dagger
 w - a +3 vampiric short sword (weapon)
 x - a +6 whip
 y - a +4 dagger
 B - a +3 dagger of venom
Missiles
 g - 46 stones
 p - 9 poisoned darts
Jewellery
 z - a ring of wizardry (left tentacle)
Talismans
 r - a beast talisman
Wands
 f - a wand of digging (3)
 C - a wand of flame (13)
Scrolls
 b - a scroll of fog
 c - 4 scrolls of enchant weapon {unknown}
 d - a scroll of identify
 i - a scroll of noise
 j - 2 scrolls of teleportation
 q - 2 scrolls of brand weapon
 t - a scroll of revelation
Potions
 e - a potion of haste
 h - 4 potions of curing {unknown}
 l - a potion of degeneration {unknown}
 o - a potion of magic {unknown}
 s - a potion of brilliance {unknown}
 v - a potion of resistance {unknown}
 A - a potion of invisibility


   Skills:
 - Level 3.0 Fighting
 - Level 2.0 Long Blades
 - Level 3.3 Dodging
 - Level 7.1 Stealth
 + Level 4.0 Spellcasting
 - Level 2.7 Conjurations
 + Level 3.1 Air Magic


You had 5 spell levels left.
You knew the following spells:

 Your Spells              Type           Power      Damage    Failure   Level
a - Shock                 Conj/Air       44%        1d5       2%          1
b - Swiftness             Air            12%        N/A       6%          3
c - Poisonous Vapours     Pois/Air       14%        N/A       6%          2
d - Ignite Poison         Fire/Tmut/Pois 3%         N/A       21%         3

Your spell library contained the following spells:

 Spells                   Type           Power      Damage    Failure   Level
 Mephitic Cloud           Conj/Pois/Air  8%         N/A       10%         3
 Airstrike                Air            6%         2d(1-17)  19%         4
 Gell's Gravitas          Tloc           3%         N/A       21%         3
 Teleport Other           Tloc           3%         N/A       21%         3
 Sticky Flame             Conj/Fire      7%         2d3       38%         4
 Freezing Cloud           Conj/Ice/Air   4%         6-21      63%         5
 Dispersal                Tloc           1%         N/A       100%        6
 Ignition                 Fire           1%         3d3       100%        8


Dungeon Overview and Level Annotations

Branches:
Dungeon (6/15)
 Temple: D:4-7

Altars:
Trog
Uskayaw
Xom

Shops:
D:4 [

Annotations:
D:4 Edmund
D:5 Dowan, Duvessa


Innate Abilities, Weirdness & Mutations

You cannot wear most types of armour.
You are amphibious.
You can wear up to eight rings at the same time.
Your skin changes colour to match your surroundings (Stealth+).
Your rubbery body absorbs attacks. (AC +1, EV +1)
((You are camouflaged when in or above water. (Stealth+)))
You have tentacles for arms and can constrict up to eight enemies at once.


Message History

The black bear growls angrily.
You hit Natasha.
You feel better.
You grab Natasha. You squeeze Natasha!
Natasha is heavily wounded.
You constrict Natasha.
You hear a shout!
You hear an angry hiss.
You hear a shout!
Natasha barely misses you.
An orc comes into view. It is wielding a +0 hand axe.
The orc shouts!
You hit Natasha.
You feel better.
You kill Natasha!
Natasha yowls pathetically as she dies!
You feel sluggish. Something hits you.
A ball python comes into view.
Uskayaw will force your foes to helplessly watch your dance.
Uskayaw prepares the audience for your solo!
Your Spellcasting skill increases to level 4!
The black bear is no longer paralysed. x2; The orc is no longer paralysed.
The orc wizard is no longer paralysed.
Something hits you. The black bear bites you. The black bear claws you.
The black bear completely misses you. Something hits you but does no damage.
The black bear barely misses you. The black bear claws you. x2
You hear some strange, mumbled words.
A puff of flame appears from out of thin air!
The puff of flame misses you. The black bear bites you!
* * * LOW HITPOINT WARNING * * *
The black bear claws you.
* * * LOW HITPOINT WARNING * * *
The black bear misses you.
As you read the scroll of fog, it dissolves into smoke.
You start to feel a little faster.
The black bear misses you. The black bear claws you.
* * * LOW HITPOINT WARNING * * *
The black bear barely misses you.
The black bear attacks as it pursues you!
The black bear bites you.
* * * LOW HITPOINT WARNING * * *
The black bear claws you.
You die...

....S...#.####...................
...........#.$.......!...........
....................##...........
....................#...#...#....
#..........#.###...###..#........
.#......!.....##..#.##..#.##..#..
.#..#...##†....##§§..##....#.#
#..###.##..oh##§§§....<.....# #.
...##..o{§h@§##.#.....###
.......)§#§§### ###..##
###....#.##§§.## ..#
......#.......# ..#
.......##.....## ..#
....).......### ###
.....##......###
.#..#...)...#.### ##..........##


You could see a black bear.

Vanquished Creatures
  Sigmund (D:3)
  An ogre (D:3)
  A black bear (D:4)
  Jessica (D:3)
  Natasha (D:4)
  3 adders
  3 worms
  A dart slug (D:4)
  3 orcs
  8 bats
  7 endoplasms
  A giant cockroach (D:1)
  11 goblins
  6 hobgoblins
  10 jackals
  10 kobolds
  A quokka (D:1)
  5 ball pythons
  6 frilled lizards
  2 rats
82 creatures vanquished.

Notes
Turn   | Place    | Note
-------+----------+-------------------------------------------
     0 | D:5      | Azuregosa the Octopode Delver began the quest for the Orb.
     0 | D:5      | Reached XP level 1. HP: 16/16 MP: 1/1
    20 | D:5      | Noticed an orc wizard
    20 | D:5      | Noticed an orc priest
    76 | D:5      | Noticed a hound
    83 | D:5      | Noticed an iguana
    95 | D:5      | Noticed Duvessa
    99 | D:5      | Noticed Dowan
   112 | D:4      | Found Huathr Xacw's Armour Shoppe.
   224 | D:3      | Found a faded altar of an unknown god.
   228 | D:3      | Found a shimmering altar of Xom.
   231 | D:3      | Prayed at the altar of an unknown god.
   231 | D:3      | Became a worshipper of Uskayaw the Reveller
   231 | D:3      | Reached * piety under Uskayaw
   255 | D:3      | Noticed Sigmund
   299 | D:3      | Reached skill level 7 in Stealth
   299 | D:3      | Reached ** piety under Uskayaw
   300 | D:3      | Reached XP level 2. HP: 16/21 MP: 2/2
   304 | D:3      | Reached *** piety under Uskayaw
   464 | D:2      | Reached XP level 3. HP: 23/26 MP: 3/3
  1134 | D:1      | Learned a level 1 spell: Shock
  1374 | D:2      | Reached skill level 1 in Conjurations
  1374 | D:2      | Reached XP level 4. HP: 31/31 MP: 3/5
  1458 | D:2      | Reached skill level 1 in Spellcasting
  2508 | D:3      | Noticed an ogre
  2518 | D:3      | Killed an ogre
  2519 | D:3      | Reached XP level 5. HP: 36/36 MP: 6/8
  2523 | D:3      | Learned a level 3 spell: Swiftness
  2608 | D:3      | Learned a level 2 spell: Poisonous Vapours
  2612 | D:3      | Learned a level 3 spell: Ignite Poison
  2665 | D:3      | Noticed Jessica
  2671 | D:3      | Killed Jessica
  2672 | D:3      | Reached XP level 6. HP: 36/42 MP: 8/10
  2689 | D:3      | Killed Sigmund
  2865 | D:4      | Noticed Natasha
  2884 | D:4      | Noticed Edmund
  2885 | D:4      | Noticed a black bear
  2890 | D:4      | Noticed a black bear
  2891 | D:4      | Found a bloodstained altar of Trog.
  3044 | D:4      | Killed a black bear
  3045 | D:4      | Reached XP level 7. HP: 41/46 MP: 12/12
  3133 | D:4      | Killed Natasha
  3138 | D:4      | HP: 2/46 [black bear (5)]
  3139 | D:4      | Slain by a black bear

Illustrated notes

Levels and vault maps discovered:
D:1:      shiori_arrival_maze, layout_loops_ring
D:2:      layout_basic, minmay_split_cup_small
D:3:      wad_crossroads, layout_loops_ring, nicolae_overflow_ecumenical_swirl,
          uniq_sigmund, uniq_jessica
D:4:      layout_cave_pools, trog_ov_bears_minmay, serial_shops, shop,
          uniq_natasha, uniq_edmund
D:5:      minmay_octagon_keep, layout_gridville, serial_shops,
          nicolae_shop_temple_entry_statues_fountains, uniq_duvessa
D:6:      layout_gridville

Skill      XL: |  1  2  3  4  5  6  7 |
---------------+----------------------+-----
Stealth        | 7 |  7.1
Dodging        | 3 |  3.3
Conjurations   | 1 2 |  2.7
Spellcasting   | 2 3 4 |  4.0
Air Magic      | 3 |  3.1
Fighting       | |  3.0
Long Blades    | |  2.0

Action                     |  1- 3 |  4- 6 |  7- 9 || total
---------------------------+-------+-------+-------++-------
  Melee: Falchion          |    28 |       |       ||    28
         Constrict         |    14 |    17 |     2 ||    33
         Tentacles         |     7 |    13 |     2 ||    22
         Trident           |    42 |    30 |       ||    72
         Punch             |     1 |     1 |       ||     2
         Spear             |     1 |       |       ||     1
         Short sword       |       |    45 |    10 ||    55
   Cast: Shock             |     1 |       |       ||     1
         Swiftness         |       |       |     1 ||     1
 Invoke: Stomp             |     1 |       |       ||     1
    Use: Scroll            |     1 |     6 |     1 ||     8
   Stab: Sleeping          |    16 |    22 |       ||    38
         Paralysed         |     1 |       |       ||     1
 Armour: Skin              |    19 |    21 |    20 ||    60
  Dodge: Dodged            |    33 |    33 |    13 ||    79

Table legend: (Time is in decaauts)
 A = Elapsed time spent in this place.
 B = Non-inter-level travel time spent in this place.
 C = Inter-level travel time spent in this place.
 D = Time resting spent in this place.
 E = Time spent auto-exploring this place.
 F = Levels seen in this place.
 G = Mean time per level.
                   A        B        C        D        E       F      G
               +--------+--------+--------+--------+--------+-----+--------+
         Total |   3159 |   3106 |     53 |    445 |   1702 |   6 |  526.5 |
       Dungeon |   3159 |   3106 |     53 |    445 |   1702 |   6 |  526.5 |
               +--------+--------+--------+--------+--------+-----+--------+

Top non-repeatable levels by time:
     D:2: 1176 daAuts
     D:3: 828 daAuts
     D:1: 691 daAuts
     D:4: 343 daAuts
     D:5: 77 daAuts
     D:6: 42 daAuts
